 Dungeon Crawl Stone Soup version 0.31.0-32-g396128a36d (webtiles) character file.

Game seed: 18012162014264434669

4780 AdnanSaban the Basher (level 10, -3/64 HPs)
             Began as a Gargoyle Fighter on Apr 11, 2024.
             Was a Believer of Okawaru.
             Slain by a vampire mosquito (6 damage)
             ... on level 11 of the Dungeon.
             The game lasted 00:17:08 (8270 turns).

AdnanSaban the Basher (Gargoyle Fighter)            Turns: 8270, Time: 00:17:08

Health: -3/64      AC: 22    Str: 24    XL:     10   Next: 47%
Magic:  9/10       EV:  7    Int:  9    God:    Okawaru [**....]
Gold:   493        SH:  5    Dex:  9    Spells: 9/9 levels left

rFire   . . .        y - +2 whip (venom)
rCold   . . .        c - +0 buckler
rNeg    + . .        t - +0 plate armour
rPois   ∞            (no helmet)
rElec   +            E - scarf {repulsion}
rCorr   .            (no gloves)
SInv    .            o - +0 pair of boots
Will    .....        (no amulet) Stlth
                     (no ring)
HPRegen 0.30/turn    (no ring)
MPRegen 0.12/turn

%: repel missiles
@: no status effects
A: sickness immunity, AC +7, negative energy resistance 1, electricity
resistance, torment resistance 1, petrification resistance
a: Renounce Religion, Heroism


You were on level 11 of the Dungeon.
You worshipped Okawaru.
Okawaru was pleased with you.
You visited 2 branches of the dungeon, and saw 11 of its levels.
You also visited: Sewer.

You collected 493 gold pieces.

Inventory:

Hand Weapons
 a - a +0 flail
 y - a +2 whip of venom (weapon)
Missiles
 i - 8 javelins
 l - 8 poisoned darts (quivered)
Armour
 c - a +0 buckler (worn)
 o - a +0 pair of boots (worn)
 t - a +0 plate armour (worn)
 C - a +1 cloak
 E - a scarf of repulsion (worn)
Wands
 p - a wand of roots (8)
 z - a wand of quicksilver (8)
 G - a wand of paralysis (5)
Scrolls
 e - 11 scrolls of teleportation {unknown}
 h - 4 scrolls of identify {unknown}
 j - a scroll of poison {unknown}
 m - a scroll of fear {unknown}
 u - 2 scrolls of blinking
 v - 3 scrolls of noise {unknown}
 x - a scroll of vulnerability {unknown}
 A - a scroll of silence {unknown}
 B - a scroll of immolation {unknown}
 D - a scroll of torment {unknown}
 H - a scroll of enchant weapon {unknown}
Potions
 b - a potion of degeneration {unknown}
 d - 3 potions of might
 f - a potion of enlightenment {unknown}
 g - a potion of attraction {unknown}
 k - 3 potions of haste {unknown}
 n - 2 potions of brilliance {unknown}
 q - 7 potions of curing {unknown}
 r - 2 potions of heal wounds {unknown}
 s - a potion of lignification {unknown}
 w - a potion of resistance {unknown}
 F - a potion of invisibility {unknown}


   Skills:
 + Level 7.8 Fighting
 + Level 9.4 Maces & Flails
 + Level 2.2 Throwing
 + Level 8.9 Armour
 + Level 2.1 Dodging
 + Level 1.8 Stealth
 + Level 6.4 Shields
 * Level 1.2 Invocations


You had 9 spell levels left.
You didn't know any spells.
Your spell library contained the following spells:

 Spells                   Type           Power      Damage    Failure   Level
 Magic Dart               Conj           0%         1d3       99%         1
 Searing Ray              Conj           0%         2d4       100%        2
 Fulminant Prism          Conj/Alch      0%         3d5       100%        4
 Iskenderun's Battlesphe  Conj           0%         2d6       100%        5
 Bombard                  Conj/Erth      0%         9d1       100%        6
 Spellforged Servitor     Conj/Summ      Unusable   N/A       N/A         7

Dungeon Overview and Level Annotations

Branches:
Dungeon (12/15)            Temple (1/1) D:6           Sewer (visited)
   Lair: D:8-11         Orc: D:9-12

Altars:
Ashenzari
Cheibriados
Dithmenos
Elyvilon
Fedhas
Hepliaklqana
Kikubaaqudgha
Makhleb
Nemelex Xobeh
Okawaru
Qazlal
Ru
Sif Muna
Trog
Uskayaw
Vehumet
Xom
Yredelemnul
Zin
The Shining One

Shops:
D:2 (


Innate Abilities, Weirdness & Mutations

You are immune to sickness and miasma.
Your stone body is resilient. (AC +7)
You are immune to poison.
You resist negative energy. (rN+)
You are resistant to electric shocks. (rElec)
You are resistant to unholy torment.
You are immune to petrification.


Message History

You block the vampire mosquito's attack.
The vampire mosquito closely misses you.
The vampire mosquito bites you but does no damage.
The vampire mosquito attacks as it pursues you!
The vampire mosquito bites you but does no damage.
You see here a vampire mosquito corpse.
You miss the vampire mosquito. The vampire mosquito bites you.
* * * LOW HITPOINT WARNING * * *
You whack the vampire mosquito!
The vampire mosquito is moderately damaged.
The vampire mosquito barely misses you.
You whack the vampire mosquito!
The vampire mosquito is heavily damaged.
You hit the vampire mosquito.
The vampire mosquito is heavily damaged.
The vampire mosquito misses you.
You miss the vampire mosquito.
The vampire mosquito is heavily damaged.
Okawaru accepts your kill.
You feel a bit more experienced. The vampire mosquito barely misses you.
You hit the vampire mosquito.
The vampire mosquito is severely damaged.
The vampire mosquito misses you.
You closely miss the vampire mosquito.
The vampire mosquito is severely damaged.
The vampire mosquito barely misses you.
You closely miss the vampire mosquito.
The vampire mosquito is severely damaged.
The vampire mosquito barely misses you.
You whack the vampire mosquito!
You destroy the vampire mosquito!
Okawaru accepts your kill.
Your Invocations skill increases to level 1!
You hit the vampire mosquito but do no damage.
The vampire mosquito bites you.
* * * LOW HITPOINT WARNING * * *
You barely miss the vampire mosquito.
You feel like a meek peon again. The vampire mosquito bites you.
You die...

..... .....
...... ......
#......
####.......
#####..........
.#....##@.......
.......y##......
.........# .....
........... ....
................
..............##
...........#.#.
..........###.#
........... ##


You could see a vampire mosquito.

Vanquished Creatures
  Pikel (D:4)
  A hornet (D:7)
  2 yaks
  2 vampire mosquitoes (D:11)
  2 steam dragons
  3 water moccasins
  2 orc warriors (D:6)
  3 sky beasts
  A black bear (D:5)
  An ogre (D:5)
  2 centaurs
  2 lemures
  3 phantoms
  6 bullfrogs
  4 scorpions
  A burial acolyte (D:7)
  4 wights
  3 killer bees (D:7)
  A howler monkey (D:6)
  A bombardier beetle (D:6)
  A jelly (D:6)
  4 hounds
  A gnoll bouda (D:7)
  3 orc priests
  2 sleepcaps
  5 iguanas
  Ijyb (D:3)
  4 orc wizards
  8 gnolls
  15 adders
  2 ufetubi (D:6)
  8 dart slugs
  A ribbon worm (D:3)
  18 orcs
  15 ball pythons
  5 endoplasms
  8 giant cockroaches
  7 goblins
  4 hobgoblins
  7 quokkas
  7 bats
  9 frilled lizards
  2 jackal zombies (D:7)
  6 kobolds
  6 rats
194 creatures vanquished.

Notes
Turn   | Place    | Note
-------+----------+-------------------------------------------
     0 | D:1      | AdnanSaban the Gargoyle Fighter began the quest for the
                  | Orb.
     0 | D:1      | Reached XP level 1. HP: 14/14 MP: 1/1
    84 | D:1      | Reached XP level 2. HP: 19/19 MP: 2/2
   258 | D:1      | Reached XP level 3. HP: 23/23 MP: 3/3
   747 | D:2      | Found Lebu's Antique Weapon Shop.
   865 | D:2      | Reached XP level 4. HP: 28/28 MP: 4/4
  1488 | D:3      | Reached skill level 3 in Maces & Flails
  2107 | D:4      | Noticed a centaur
  2144 | D:4      | Killed a centaur
  2145 | D:4      | Reached XP level 5. HP: 20/33 MP: 5/5
  2213 | D:4      | Noticed Ijyb
  2230 | D:3      | Reached skill level 4 in Maces & Flails
  2297 | D:3      | Killed Ijyb
  2298 | D:3      | Reached skill level 1 in Dodging
  2298 | D:3      | Reached XP level 6. HP: 15/38 MP: 6/6
  2612 | D:4      | Reached XP level 7. HP: 43/43 MP: 7/7
  3159 | D:5      | Entered Level 5 of the Dungeon
  3437 | D:5      | Reached skill level 5 in Armour
  3465 | D:5      | Found a glowing drain.
  3472 | Sewer    | Entered a sewer
  3778 | Sewer    | Reached skill level 5 in Maces & Flails
  4416 | D:5      | Reached skill level 5 in Fighting
  4422 | D:5      | Noticed Pikel
  4531 | D:5      | HP: 2/44 [ogre/+0 giant spiked club (15)]
  4739 | D:5      | Reached XP level 8. HP: 31/49 MP: 8/8
  4984 | D:4      | Killed Pikel
  4985 | D:4      | Reached skill level 6 in Maces & Flails
  4985 | D:4      | Reached skill level 1 in Stealth
  4985 | D:4      | Reached skill level 5 in Shields
  5193 | D:6      | Found a snail-covered altar of Cheibriados.
  5324 | D:6      | Reached skill level 7 in Maces & Flails
  5486 | D:5      | Reached skill level 1 in Throwing
  5651 | D:6      | Reached XP level 9. HP: 52/55 MP: 9/9
  5709 | D:6      | Identified the +1 dagger of Ydusua {freeze, rPois rCorr}
  6097 | D:6      | Found a staircase to the Ecumenical Temple.
  6106 | Temple   | Entered the Ecumenical Temple
  6593 | D:6      | Found a white marble altar of Elyvilon.
  6630 | D:6      | Found an iron altar of Okawaru.
  6648 | D:6      | Reached skill level 8 in Maces & Flails
  6650 | D:6      | Became a worshipper of Warmaster Okawaru
  7109 | D:7      | Found a glowing silver altar of Zin.
  7127 | D:7      | Reached * piety under Okawaru
  7554 | D:7      | Reached XP level 10. HP: 56/63 MP: 10/10
  7580 | D:7      | Found an ancient bone altar of Kikubaaqudgha.
  7901 | D:8      | Reached skill level 9 in Maces & Flails
  7923 | D:8      | Reached ** piety under Okawaru
  8147 | D:8      | You fall into a shaft and drop 3 floors!
  8209 | D:11     | Noticed a cyclops
  8260 | D:11     | HP: 3/64 [vampire mosquito (3)]
  8269 | D:11     | Reached skill level 1 in Invocations
  8269 | D:11     | HP: 2/64 [vampire mosquito (2)]
  8270 | D:11     | Slain by a vampire mosquito

Illustrated notes

Levels and vault maps discovered:
D:1:      zaba_arrival_water, layout_rooms, serial_bayou_lake_a
D:2:      layout_basic, serial_shops, shop
D:3:      layout_loops_ring
D:4:      layout_basic, uniq_ijyb
D:5:      layout_loops_ring, mainiacjoe_sewer_entry_somewhere_in_here_2,
          uniq_pikel
D:6:      layout_basic, lemuel_round_altar, jmf_multi_god_temple2,
          minmay_temple_entry_stoned_glass, st_stairs_3
D:7:      layout_rooms, lemuel_zombie_altar_kikubaaqudgha, zin_academy,
          st_stairs_2, hangedman_abyss_or_decor_lesser_grid, kennysheep_diamond
D:8:      layout_rooms
D:11:     layout_big_octagon, serial_shops, shop, minmay_bent
D:12:     layout_cave_pools, drop_trap
Temple:   nicolae_temple_bog_church

Skill      XL: |  1  2  3  4  5  6  7  8  9 10 |
---------------+-------------------------------+-----
Armour         | 4 5 6 8 |  8.9
Shields        | 4 5 6 |  6.4
Maces & Flails | 3 4 5 7 8 9 |  9.4
Dodging        | 1 2 |  2.1
Fighting       | 4 5 7 |  7.8
Stealth        | 1 |  1.8
Throwing       | 1 2 |  2.2
Invocations    | 1 |  1.2

Action                     |  1- 3 |  4- 6 |  7- 9 | 10-12 || total
---------------------------+-------+-------+-------+-------++-------
  Melee: Flail             |   125 |   167 |   387 |       ||   679
         Whip              |       |       |   255 |   154 ||   409
  Throw: Dart              |       |       |    20 |       ||    20
 Invoke: Heroism           |       |       |       |     1 ||     1
 Armour: Scale mail        |   113 |   144 |       |       ||   257
         Plate armour      |       |       |   556 |   158 ||   714
  Dodge: Dodged            |    65 |    86 |   192 |    65 ||   408
  Block: Buckler           |    38 |    35 |   125 |    34 ||   232
